 BcadrenCrawl: Boulder Brew version 0.03.2.1-72-g33da5a4ea5 (webtiles) character file.

Game seed: 3204949220093873614, levelgen mode: deterministic

24973 esc the Spry (level 12, 0/7 HPs) Fairy Earth Elementalist. Began on Feb 13, 2021. Was a High Priest of Vehumet. Slain by an elephant (1 damage) ... on level 2 of the Lair of Beasts. The game lasted 00:17:56 (5791 turns).

esc the Spry (Fairy Earth Elementalist)             Turns: 5791, Time: 00:17:57

HP:   0/7 (7)       AC:  0    Str:  2    XL:     12 ^: 2357
MP:   5/5           EV: 41    Int: 29    God:    Vehumet [5* [128]]
Gold: 615           SH:  0    Dex: 17    Spells: 33/38 levels left

rFire    . . .     Vision   .   c - ring of intelligence
rCold    . . .     Gourm    .
rNeg     . . .     Faith    .
rPois    .         Spirit   .
rElec    .         Reflect  .
rCorr    .         Harm     .
MR       ++...
Stlth    +.........
HPRegen  0.12/turn
MPRegen  0.15/turn

@: flying, glowing, slow
A: tiny, no armour or weapons, only one jewelry slot, no melee attacks, fairy
magic, fairy shield, fairy light, decreased potion and divine healing, slowness
1, able to fly, insubstantial
a: Stop Flying, Renounce Religion


You were on level 2 of the Lair of Beasts.
You worshipped Vehumet.
Vehumet was extremely pleased with you.
You were not hungry.

You visited 3 branches of the dungeon, and saw 8 of its levels.

You collected 615 gold pieces.

Inventory:

Jewellery
 c - a ring of intelligence (around core)
 f - an uncursed ring of stealth
 g - an uncursed ring of resist corrosion
 j - an uncursed ring of dexterity
 m - an uncursed ring of strength
 o - an uncursed ring of intelligence
 p - a cursed ring of strength {(Curse: MR-)}
 r - a cursed ring of protection {(Curse: MR-)}
 s - the cursed ring "Raraen" {rElec rPois Str+3, (Curse: rF-)}
   (You found it on level 4 of the Dungeon)

   [ring of poison resistance]

   It affects your strength (+3).
   It insulates you from electricity.
   It protects you from poison.
   It has a curse placed upon it.
   { (Curse: rF-)}
 w - an uncursed ring of poison resistance
 y - an uncursed ring of positive energy
 A - a cursed amulet of reflection {(Curse: *Tele *Corrode)}
Wands
 n - a wand of scattershot (5)
 u - a wand of iceblast (5)
 C - a wand of enslavement (1)
 D - a wand of flame (17)
Scrolls
 d - 2 scrolls of amnesia
 e - 2 scrolls of enchantment
 k - 3 scrolls of teleportation
 l - 2 scrolls of blinking
 q - a scroll of magic mapping
 z - a scroll of summoning
 B - a scroll of fog
 E - 2 scrolls of bless item
Potions
 a - 2 potions of brilliance
 h - 4 potions of curing
 i - 2 potions of agility
 t - a potion of cancellation
 v - a potion of berserk rage
 F - a potion of heal wounds
 G - a potion of resistance
Comestibles
 b - 22 rations


   Skills:
 + Level 15.7 Dodging
 - Level 1.4 Stealth
 + Level 13.6 Spellcasting
 - Level 1.0 Transmutations
 + Level 12.8 Earth Magic


You had 33 spell levels left.
You knew the following spells:

 Your Spells              Type           Power        Failure   Level  Hunger
a - Sandblast             Erth           50 (50)      0%          1    None
b - Petrify               Tmut/Erth      56 (100)     1%          4    None

Your spell library contained the following spells:

 Spells                   Type           Power        Failure   Level  Hunger
 Foxfire                  Fire           19 (25)      1%          1    None
 Freeze                   Ice            19 (25)      1%          1    None
 Passwall                 Tmut/Erth      56 (120)     1%          2    None
 Stone Arrow              Erth           50 (50)      1%          3    None
 Lee's Rapid Deconstruct  Erth           76 (200)     1%          5    #......
 Methodical Deconstructi  Erth           76 (200)     1%          5    #......
 Sticks to Snakes         Tmut           25 (100)     2%          2    None
 Blinding Spray           Hex/Pois       19 (50)      2%          3    None
 Snakes to Sticks         Hex/Tmut       22 (100)     6%          3    None
 Muse Oam's Air Blast     Tloc/Air       19 (100)     8%          4    None
 Sticky Flame             Fire/Pois      19 (100)     8%          4    None
 Eringya's Noxious Bog    Tmut/Pois      22 (200)     61%         6    ####...
 Beastly Appendage        Tmut           Unusable     N/A         1    N/A
 Scorpion Form            Tmut/Pois      Unusable     N/A         3    N/A
 Ice Form                 Ice/Tmut       Unusable     N/A         4    N/A
 Blade Hands              Tmut           Unusable     N/A         5    N/A

Dungeon Overview and Level Annotations

Branches:
Dungeon (5/8)              Temple (1/1) D:4            Lair (2/6) D:5
  Swamp: Lair:2-4    Shoals: Lair:2-4     Snake: Lair:2-4    Spider: Lair:2-4

Altars:
Ashenzari
Cheibriados
Dithmenos
Elyvilon
Fedhas Madash
Gozag Ym Sagoz
Kikubaaqudgha
Okawaru
Qazlal
Ru
Sif Muna
Trog
Uskayaw
Vehumet
Wu Jian
Zin

Shops:
D:3 *   D:4 }


Innate Abilities, Weirdness & Mutations

You are too small to use any gear.
You can wear a single ring or amulet completely around your body.
You are incapable of melee of any kind.
Your magic reserves are extremely low but spells that normally cost one mana are free and all other spells cost one mana.
You are extremely frail but all attacks that strike you do exactly one damage.
You exude a bright light in a small radius around yourself.
The effect of potions and godly healing effects is reduced to match your tiny health and magic reserves.
You cover ground slowly.
You can fly continuously.
Your insubstantial form boosts your evasion and grants immunity to sticky flames, nets and constriction.


Message History

Aiming: Sandblast (safe; 0% risk of failure)
Press: ? - help, Shift-Dir - straight line, f/p - elephant
Aim: an elephant (healthy (67/67), haloed)
The blast of sand hits the elephant (11)!
The elephant is lightly wounded. (56/67) HP The elephant completely misses you (0).
The elephant trunk-slaps you (5).
* * * LOW HITPOINT WARNING * * *
The elephant completely misses you (0). The elephant misses you (0).
The elephant completely misses you (0). x2
Casting: Sandblast (safe; 0% risk of failure)
Confirm with . or Enter, or press ? or * to list all spells.
Aiming: Sandblast (safe; 0% risk of failure)
Press: ? - help, Shift-Dir - straight line, f/p - elephant
Aim: an elephant (lightly wounded (56/67), haloed)
The blast of sand hits the elephant (10)!
The elephant is moderately wounded. (46/67) HP The elephant completely misses you (0).
The elephant trunk-slaps you (5).
* * * LOW HITPOINT WARNING * * *
The elephant completely misses you (0). x3; The elephant trunk-slaps you (2).
You die...

. .....P . ....## #
#.... ## ###...#
.###########P#...##
..................#
...............†.##
...............YYY#
..#.#.##.##P....@P#
.#.## # ###....##
.### ##....# ..#
#...## )## ##
#...##
..########.###....#
.................##
..............†..#
.................P#


You could see 3 elephants.

Vanquished Creatures
  Harold (Lair:1)
  2 boulder beetles
  Fannar (Lair:2)
  Erica (Lair:1)
  5 two-headed ogres (D:5)
  A deep elf mage (D:5)
  2 giraffes (Lair:2)
  2 black mambas
  2 spiny frogs (Lair:2)
  An elephant (Lair:2)
  4 trolls
  6 komodo dragons
  5 blink frogs (Lair:1)
  6 dream sheep (Lair:2)
  2 hippogriffs
  Grum (Lair:1)
  A spriggan (D:5)
  10 yaks
  4 war dogs (Lair:1)
  A basilisk (Lair:1)
  2 guardian mummies (D:5)
  Purgy (D:2)
  An orc warrior (D:5)
  A phantom (Lair:2)
  8 water moccasins
  7 necrophages
  5 scorpions
  13 porcupines
  3 sky beasts (D:5)
  3 ice beasts (D:5)
  A black bear (D:5)
  3 ogres (D:5)
  11 wolves (Lair:1)
  A rock worm zombie (D:5)
  8 crocodiles
  4 big kobolds
  A meliai zombie (D:4)
  15 bullfrogs
  4 howler monkeys
  A harpy skeleton (D:3)
  An orc priest (D:5)
  4 jellies (D:2)
  2 mummies (D:5)
  6 worker ants
  2 gnoll shamans
  2 iguanas
  2 water moccasin skeletons (D:5)
  A wyvern skeleton (D:3)
  10 giant cockroaches
  A porcupine skeleton (D:5)
  A bullfrog skeleton (D:5)
  8 gnolls
  7 adders
  32 sewer rats (D:2)
  2 white imps
  5 cinder newts
  4 worms
  2 hound skeletons (D:5)
  2 oozes (D:2)
  A howler monkey skeleton (D:5)
  A dart slug (D:1)
  3 leopard geckos
  15 orcs
  4 adder skeletons
  3 adder zombies (D:5)
  5 goblins (D:1)
  5 hobgoblins (D:1)
  3 jackals (D:3)
  18 kobolds
  2 quokkas
  3 ball pythons
  4 bats
  A bat skeleton (D:2)
  An orc skeleton (D:2)
  3 quokka skeletons
  6 rats (D:1)
  2 withered plants (D:2)
325 creatures vanquished.

Vanquished Creatures (others)
  An eye of draining (D:5)
  A bat (D:2)
  16 fungi
  37 plants
  146 withered plants (D:2)
201 creatures vanquished.

Grand Total: 526 creatures vanquished

Notes
Turn   | Place    | Note
-------+----------+-------------------------------------------
     0 | D:1      | esc the Fairy Earth Elementalist began the quest for the
                  | Orb.
     0 | D:1      | Reached XP level 1. HP: 3/3 MP: 3/3
    30 | D:1      | Reached skill level 3 in Dodging
    30 | D:1      | Reached XP level 2. HP: 2/3 MP: 3/3
    33 | D:1      | Reached XP level 3. HP: 4/4 MP: 3/3
   188 | D:1      | Reached skill level 4 in Dodging
   218 | D:1      | Reached XP level 4. HP: 4/4 MP: 3/3
   679 | D:2      | Reached XP level 5. HP: 4/4 MP: 3/3
   705 | D:2      | Reached skill level 5 in Dodging
   726 | D:2      | Reached XP level 6. HP: 5/5 MP: 3/3
   827 | D:2      | Noticed Purgy
   831 | D:2      | Killed Purgy
   831 | D:2      | Reached skill level 5 in Spellcasting
   831 | D:2      | Reached skill level 5 in Earth Magic
   911 | D:2      | Reached skill level 6 in Dodging
  1055 | D:2      | Reached XP level 7. HP: 5/5 MP: 3/3
  1527 | D:2      | Reached skill level 7 in Dodging
  1830 | D:3      | Found Fyzeobeb's Assorted Antiques.
  2008 | D:3      | Reached XP level 8. HP: 5/5 MP: 3/3
  2283 | D:3      | Reached skill level 8 in Dodging
  2453 | D:4      | Found a staircase to the Ecumenical Temple.
  2468 | Temple   | Entered the Ecumenical Temple
  2474 | Temple   | Became a worshipper of Vehumet
  2491 | D:4      | Found Adiehout's Gadget Boutique.
  2806 | D:4      | Identified the cursed ring "Raraen" {rElec rPois Str+3,
                  | (Curse: rF-)}
  3027 | D:5      | Entered Level 5 of the Dungeon
  3028 | D:5      | Identified the cursed ring "Zadyr" {*Tele *Slow rElec
                  | Dex+3, (Curse: *Corrode Fragile)}
  3104 | D:4      | Reached skill level 9 in Dodging
  3148 | D:4      | Reached XP level 9. HP: 5/6 MP: 4/4
  3167 | D:5      | Noticed a troll
  3174 | D:5      | Killed a troll
  3179 | D:5      | Noticed a troll
  3194 | D:4      | Killed a troll
  3194 | D:4      | Reached skill level 10 in Dodging
  3222 | D:5      | Reached * piety under Vehumet
  3222 | D:5      | Offered knowledge of Freeze by Vehumet.
  3280 | D:5      | Noticed a boulder beetle
  3280 | D:5      | Noticed a two-headed ogre
  3303 | D:5      | Noticed a two-headed ogre
  3307 | D:5      | Killed a two-headed ogre
  3307 | D:5      | Reached skill level 11 in Dodging
  3307 | D:5      | Reached XP level 10. HP: 6/6 MP: 4/4
  3311 | D:5      | Killed a two-headed ogre
  3312 | D:5      | Noticed a two-headed ogre
  3315 | D:5      | Noticed a two-headed ogre
  3319 | D:5      | Reached skill level 10 in Spellcasting
  3327 | D:5      | Killed a two-headed ogre
  3333 | D:5      | Killed a two-headed ogre
  3333 | D:5      | Reached skill level 12 in Dodging
  3344 | D:5      | Noticed a two-headed ogre
  3353 | D:5      | Killed a two-headed ogre
  3353 | D:5      | Reached skill level 10 in Earth Magic
  3355 | D:5      | Reached ** piety under Vehumet
  3355 | D:5      | Offered knowledge of Foxfire by Vehumet.
  3460 | D:5      | Reached XP level 11. HP: 6/6 MP: 5/5
  3553 | D:5      | Learned a level 4 spell: Petrify
  3585 | D:5      | Killed a boulder beetle
  3592 | D:5      | Offered knowledge of Blinding Spray by Vehumet.
  3592 | D:5      | Reached skill level 13 in Dodging
  3665 | D:5      | Reached *** piety under Vehumet
  3735 | D:5      | Found a staircase to the Lair.
  4069 | D:5      | Found a snail-covered altar of Cheibriados.
  4249 | Lair:1   | Entered Level 1 of the Lair of Beasts
  4263 | Lair:1   | Offered knowledge of Muse Oam's Air Blast by Vehumet.
  4283 | Lair:1   | Noticed Erica
  4298 | Lair:1   | Killed Erica
  4306 | Lair:1   | Reached skill level 14 in Dodging
  4446 | Lair:1   | Noticed Grum
  4480 | Lair:1   | Killed Grum
  4498 | Lair:1   | Reached XP level 12. HP: 7/7 MP: 5/5
  4510 | Lair:1   | Noticed a boulder beetle
  4524 | Lair:1   | Killed a boulder beetle
  4524 | Lair:1   | Reached **** piety under Vehumet
  4606 | Lair:1   | Identified the cursed amulet of Nobility {Gourm rC- +Vis
                  | Stlth+, (Curse: Fragile -Vis)}
  4606 | Lair:1   | Noticed Harold
  4622 | Lair:1   | Killed Harold
  4622 | Lair:1   | Offered knowledge of Sticky Flame by Vehumet.
  5188 | Lair:2   | Reached skill level 15 in Dodging
  5346 | Lair:2   | Reached ***** piety under Vehumet
  5368 | Lair:2   | Offered knowledge of Eringya's Noxious Bog by Vehumet.
  5662 | Lair:2   | Noticed Fannar
  5686 | Lair:2   | Killed Fannar
  5791 | Lair:2   | Slain by an elephant

Levels and vault maps discovered:
D:1:      roderic_crossed_star, layout_basic, first_ration, serial_curves,
          eino_curves_04, eino_curves_04
D:2:      layout_sewer, minmay_bisected, uniq_purgy
D:3:      layout_basic, serial_shops, kennysheep_mini_moat
D:4:      layout_long_grid, minmay_temple_entry_drinking_statues, serial_shops,
          nicolae_shop_trees
D:5:      layout_irregular_city, due_lair_maze_entry_diamond,
          hangedman_stone_soup, nicolae_ossuary_entry_false_entrances,
          cheibriados_altar_1
Temple:   dpeg_three_leaves_temple
Lair:1:   layout_hall_layers, uniq_harold, uniq_grum, uniq_erica
Lair:2:   ossuary_bcadren_due_volcanic, layout_long_grid,
          chequers_serial_rivers_marsh, roderic_carrion_pond, lemuel_fruit_tree,
          uniq_fannar

Skill      XL: |  1  2  3  4  5  6  7  8  9 10 11 12 |
---------------+-------------------------------------+-----
Dodging        | 3 4 5 6 7 9 11 12 14 15 | 15.7
Spellcasting   | 3 4 5 6 7 9 10 12 13 | 13.6
Earth Magic    | 4 5 6 7 9 10 11 12 | 12.8
Stealth        | |  1.4
Transmutations | |  1.0

Action                   |  1- 3 |  4- 6 |  7- 9 | 10-12 || total
-------------------------+-------+-------+-------+-------++-------
 Cast: Sandblast         |    27 |    94 |   197 |   479 ||   797
       Petrify           |       |       |       |     4 ||     4
 Abil: Fly               |       |     1 |       |       ||     1
  Use: Scroll            |       |     1 |     1 |     1 ||     3
       Potion            |       |       |     3 |       ||     3
  Eat: Chunk             |       |     1 |     8 |     8 ||    17
Dodge: Dodged            |    18 |    65 |   236 |   504 ||   823
